 Dungeon Crawl Stone Soup version 0.26-a0-949-ga0cc1ef5f6 (webtiles) character file.

Game seed: 11803869965416989510

3 jestyr24 the Grasshopper (level 1, 0/10 HPs)
             Began as a Spriggan Warper on Nov 29, 2020.
             Slain by a hobgoblin (5 damage)
             ... on level 1 of the Dungeon.
             The game lasted 00:01:05 (43 turns).

jestyr24 the Grasshopper (Spriggan Warper)            Turns: 43, Time: 00:01:05

Health: 0/10       AC:  2    Str:  7    XL:     1   Next: 41%
Magic:  5/5        EV: 18    Int: 14    God:
Gold:   6          SH:  0    Dex: 15    Spells: 5/5 levels left

rFire    . . .     SeeInvis +   a - +0 short sword
rCold    . . .     Faith    .   (shield restricted)
rNeg     . . .     Spirit   .   b - +0 robe
rPois    .         Reflect  .   (helmet restricted)
rElec    .         Harm     .   (no cloak)
rCorr    .         Rampage  .   (gloves unavailable)
MR       .....                  (boots unavailable)
Stlth    +.........             (no amulet)
HPRegen  0.03/turn              (no ring)
MPRegen  0.09/turn              (no ring)

@: very quick
A: very small, unfitting armour, see invisible, speed 3
a: no special abilities


You were on level 1 of the Dungeon.
You visited 1 branch of the dungeon, and saw 1 of its levels.

You collected 6 gold pieces.

Inventory:

Hand Weapons
 a - a +0 short sword (weapon)
Missiles
 e - 5 boomerangs of dispersal (quivered)
Armour
 b - a +0 robe (worn)
Scrolls
 d - a scroll of blinking


   Skills:
 + Level 1.5 Fighting
 + Level 2.5 Short Blades
 + Level 1.0 Throwing
 + Level 3.5 Dodging
 + Level 2.6 Spellcasting
 + Level 4.4 Translocations


You had 5 spell levels left.
You didn't know any spells.
Your spell library contained the following spells:

 Spells                   Type           Power        Failure   Level
 Blink                    Tloc           N/A          5%          2
 Gell's Gravitas          Tloc           ##........   11%         3
 Lesser Beckoning         Tloc           ##........   11%         3
 Teleport Other           Tloc           ##......     11%         3
 Passage of Golubria      Tloc           N/A          36%         4


Dungeon Overview and Level Annotations

Branches:
Dungeon (1/15)

Altars:


Innate Abilities, Weirdness & Mutations

You are very small and have problems with some larger weapons.
You are too small for most types of armour.
You have supernaturally acute eyesight. (SInv)
You cover ground extremely quickly.


Message History

The rat is heavily wounded.
The rat bites you.
You closely miss the rat.
The rat is heavily wounded.
The rat misses you.
You hit the rat.
You kill the rat!
You closely miss the hobgoblin. The hobgoblin closely misses you.
You closely miss the hobgoblin. The hobgoblin completely misses you.
You hit the hobgoblin but do no damage. The hobgoblin hits you with a +0 club.
You barely miss the hobgoblin. You hit the hobgoblin.
The hobgoblin is lightly wounded.
The hobgoblin closely misses you.
You hit the hobgoblin.
You kill the hobgoblin!
You hit the hobgoblin but do no damage. The hobgoblin hits you.
You barely miss the hobgoblin. The hobgoblin hits you.
Ouch! That really hurt!
You die...

... . #.. .. #.# #. #.# #.
##### #.# ###.####...####
#.#
##....##..#....###.##.####
#...#..#....##..@g.)......
#.........#########.#.####
##........# .#
#....#.....# ##
##..#####...# #.## ##..#
#..# #..# ##.## ..# #..##
..#


You could see a hobgoblin.

Vanquished Creatures
  A goblin (D:1)
  A hobgoblin (D:1)
  A rat (D:1)
3 creatures vanquished.

Notes
Turn   | Place    | Note
-------+----------+-------------------------------------------
     0 | D:1      | jestyr24 the Spriggan Warper began the quest for the Orb.
     0 | D:1      | Reached XP level 1. HP: 10/10 MP: 5/5
    43 | D:1      | Slain by a hobgoblin

Illustrated notes

Levels and vault maps discovered:
D:1:      dpeg_arrival_round_b, layout_loops_ring, serial_park_tiny_2,
          minmay_octomino_c4

Action                   || total
-------------------------++-------
Melee: Short sword       ||    18
Dodge: Dodged            ||     8

Table legend: (Time is in decaauts)
 A = Elapsed time spent in this place.
 B = Non-inter-level travel time spent in this place.
 C = Inter-level travel time spent in this place.
 D = Time resting spent in this place.
 E = Time spent auto-exploring this place.
 F = Levels seen in this place.
 G = Mean time per level.
                   A        B        C        D        E       F      G
               +--------+--------+--------+--------+--------+-----+--------+
         Total |     32 |     32 |      0 |      0 |     11 |   1 |   32.0 |
       Dungeon |     32 |     32 |      0 |      0 |     11 |   1 |   32.0 |
               +--------+--------+--------+--------+--------+-----+--------+

Top non-repeatable levels by time:
     D:1: 32 daAuts
